 Dungeon Crawl Stone Soup version 0.18.1-48-g4cf74bf (webtiles) character file.

64 HEYYEYAAE the Chiller (level 3, -9/28 HPs)
             Began as a Draconian Ice Elementalist on Sept 2, 2016.
             Killed by divine providence
             ... invoked by an orc priest
              (13 damage)
             ... on level 3 of the Dungeon.
             The game lasted 00:02:04 (1609 turns).

HEYYEYAAE the Chiller (Draconian Ice Elementalist)  Turns: 1609, Time: 00:02:04

Health: -9/28      AC:  5    Str: 10    XL:     3   Next: 91%
Magic:  6/6        EV: 12    Int: 16    God:
Gold:   70         SH:  0    Dex: 11    Spells: 1 memorised, 6 levels left

rFire  . . .     SeeInvis .     h - +0 spear
rCold  . . .     Gourm    .     (armour unavailable)
rNeg   . . .     Faith    .     (no shield)
rPois  .         Spirit   .     (helmet restricted)
rElec  .         Dismiss  .     (no cloak)
rCorr  .         Reflect  .     (no gloves)
SustAt .         Harm     .     (no boots)
MR     .....                    g - amulet of rage
Stlth  ++........               (no ring)
                                (no ring)

@: not resistant to hostile enchantments, unstealthy
A: unfitting armour, cold-blooded, AC +5
a: Evoke Berserk Rage


You were on level 3 of the Dungeon.
You were hungry.

You visited 1 branch of the dungeon, and saw 3 of its levels.

You collected 70 gold pieces.

Inventory:

Hand Weapons
 h - a +0 spear (weapon)
Jewellery
 g - an amulet of rage (around neck)
Scrolls
 i - 3 scrolls of enchant armour {unknown}
 k - a scroll of immolation {unknown}
 l - a scroll of identify {unknown}
 m - 2 scrolls of remove curse {unknown}
 n - a scroll of random uselessness {unknown}
 o - a scroll of magic mapping {unknown}
 p - a scroll of teleportation {unknown}
Potions
 c - a potion of lignification {unknown}
 d - 2 potions of heal wounds {unknown}
 e - a potion of magic {unknown}
 f - a potion of cure mutation {unknown}
 j - a potion of haste {unknown}
Books
 a - a book of Frost

   Spells                             Type                      Level
   a - Freeze                         Ice                          1
   b - Throw Frost                    Conjuration/Ice              2
   c - Ozocubu's Armour               Charms/Ice                   3
   d - Throw Icicle                   Conjuration/Ice              4
   e - Summon Ice Beast               Ice/Summoning                4
Comestibles
 b - a bread ration
 q - a meat ration


   Skills:
 + Level 1.4 Fighting
 + Level 2.3 Dodging
 - Level 1.7 Stealth
 * Level 2.6 Spellcasting
   Level 1.0 Conjurations
 * Level 3.4 Ice Magic
 + Level 1.0 Evocations


You had 6 spell levels left.
You knew the following spells:

 Your Spells              Type           Power        Failure   Level  Hunger
a - Freeze                Ice            ##..         6%          1    #......


Dungeon Overview and Level Annotations

Branches:
Dungeon (3/15)

Altars:
Ashenzari


Innate Abilities, Weirdness & Mutations

Your plain brown scales are hard (AC +5).
Your body does not fit into most forms of armour.
You are cold-blooded and may be slowed by cold attacks.


Message History

You are too injured to fight recklessly!
You are too injured to fight recklessly!
You are too injured to fight recklessly!
You are too injured to fight recklessly!
You are too injured to fight recklessly!
There are monsters nearby!
Unknown command.
Found a hunting sling.
An orc priest comes into view. It is wielding a hand axe.
The orc priest shouts!
Found a metallic yellow potion.
An orc wizard comes into view.
It is wielding a dagger. 2 orcs come into view.
The orc shouts!
Found 17 stones.
An orc priest comes into view. It is wielding a short sword.
The orc wizard shouts!
The orc priest calls down the wrath of Beogh upon you.
Beogh smites you!
You die...

##.†##..#..# #.# #
##....###.### #)# ###.##
###..# #...# #.# ......
##..# #...###.##......
#...###...............
###.#..<#.....####.....s
##...##........# ....$.
#########.......##<....#
.....#
...........#####@Y..###.#
###..# ##########.#
#....# #.# ..# ..# #....#
#.# ## #.## #..o.# #.# ..
#...... #.) ### #....oo.
.. #.......# #..!...oo
#......(..


You could see a sky beast, 2 orc priests, an orc wizard and 2 orcs.

Vanquished Creatures
  An ooze (D:3)
  2 worms (D:2)
  A dart slug (D:2)
  2 giant geckos
  A ball python (D:1)
  A giant cockroach (D:1)
  6 goblins
  7 hobgoblins
  2 jackals (D:1)
  7 kobolds
  A quokka (D:3)
  3 bats (D:1)
  5 giant newts
  10 rats
49 creatures vanquished.

Notes
Turn   | Place    | Note
--------------------------------------------------------------
     0 | D:1      | HEYYEYAAE the Draconian Ice Elementalist began the quest for the Orb.
     0 | D:1      | Reached XP level 1. HP: 14/14 MP: 3/3
   285 | D:1      | Reached XP level 2. HP: 7/22 MP: 1/5
   939 | D:1      | Reached XP level 3. HP: 25/27 MP: 6/6
  1117 | D:2      | Reached skill level 1 in Fighting
  1477 | D:2      | Found a shattered altar of Ashenzari.
  1480 | D:2      | You fall through a shaft!
  1562 | D:3      | Reached skill level 1 in Evocations
  1594 | D:3      | Noticed a sky beast
  1609 | D:3      | Killed from afar by an orc priest

Skill      XL: |  1  2  3 |
---------------+----------+-----
Dodging        | 2 |  2.3
Fighting       | 1 |  1.4
Evocations     | 1 |  1.0
Stealth        | |  1.7
Spellcasting   | |  2.6
Conjurations   | |  1.0
Ice Magic      | |  3.4

Action                   || total
-------------------------++-------
Melee: Unarmed           ||    42
       Tailslap          ||    10
       Spear             ||   131
 Cast: Freeze            ||    27
 Stab: Sleeping          ||     9
  Eat: Chunk             ||     2
Armor: Skin              ||    54
Dodge: Dodged            ||   116
